 Dungeon Crawl Stone Soup version 0.25.0-26-g0c896c7088 (webtiles) character file.

Game seed: 2912800346118165301

26 lepoulpe303 the Poker (level 3, 0/25 HPs)
             Began as a Merfolk Skald on June 30, 2020.
             Was an Initiate of Okawaru.
             Succumbed to an adder's poison
             ... on level 2 of the Dungeon.
             The game lasted 00:03:51 (1212 turns).

lepoulpe303 the Poker (Merfolk Skald)               Turns: 1212, Time: 00:03:52

Health: 0/25       AC:  3    Str: 12    XL:     3   Next: 8%
Magic:  2/6        EV: 12    Int: 12    God:    Okawaru [......]
Gold:   50         SH:  0    Dex: 13    Spells: 1/6 levels left

rFire    . . .     SeeInvis .   a - +0 spear
rCold    . . .     Gourm    .   (no shield)
rNeg     . . .     Faith    .   b - +0 leather armour
rPois    .         Spirit   .   (no helmet)
rElec    .         Reflect  .   (no cloak)
rCorr    .         Harm     .   (no gloves)
MR       .....                  (no boots)
Stlth    +.........             (no amulet)
HPRegen  0.08/turn              (no ring)
MPRegen  0.10/turn              (no ring)

@: lethally poisoned (0 -> -10), infused
A: change form in water, swift swim, stealthy swim, reduced essence
a: Renounce Religion


You were on level 2 of the Dungeon.
You worshipped Okawaru.
Okawaru was noncommittal.
You were not hungry.

You visited 1 branch of the dungeon, and saw 2 of its levels.

You collected 50 gold pieces.

Inventory:

Hand Weapons
 a - a +0 spear (weapon)
Missiles
 f - a javelin (quivered)
Armour
 b - a +0 leather armour (worn)
Jewellery
 i - an uncursed ring of fire {unknown}
Scrolls
 d - a scroll of teleportation {unknown}
 j - a scroll of remove curse {unknown}
 k - a scroll of identify {unknown}
Potions
 c - a potion of stabbing {unknown}
 g - 3 potions of flight {unknown}
 l - a potion of heal wounds {unknown}
Comestibles
 e - 5 rations
 h - 4 chunks of flesh


   Skills:
 + Level 2.4 Fighting
 * Level 4.0 Polearms
 + Level 0.9 Armour
 + Level 2.9 Dodging
 + Level 2.2 Spellcasting
 + Level 3.4 Charms
 + Level 0.0 Invocations


You had one spell level left.
You knew the following spells:

 Your Spells              Type           Power        Failure   Level  Hunger
a - Infusion              Chrm           #...         9%          1    ##.....
s - Shroud of Golubria    Chrm/Tloc      #.....       26%         2    ###....
S - Song of Slaying       Chrm           #.......     12%         2    ###....

Your spell library contained the following spells:

 Spells                   Type           Power        Failure   Level  Hunger
 Ozocubu's Armour         Chrm/Ice       #.......     45%         3    ####...
 Spectral Weapon          Hex/Chrm       #.......     45%         3    ####...


Dungeon Overview and Level Annotations

Branches:
Dungeon (2/15)

Altars:
Dithmenos
Hepliaklqana
Nemelex Xobeh
Okawaru
Qazlal
Yredelemnul


Message History

Attack whom?
Aim: a bat You reach to attack!
You barely miss the bat.
* * * LOW HITPOINT WARNING * * *
You feel sick. The bat hits you.
* * * LOW HITPOINT WARNING * * *
You take 2 damage, and have 3/25 hp.
Attack whom?
Aim: a bat You reach to attack!
You barely miss the bat.
* * * LOW HITPOINT WARNING * * *
You feel sick. The bat misses you. The bat barely misses you.
You take 1 damage, and have 2/25 hp.
You closely miss the bat.
* * * LOW HITPOINT WARNING * * *
You feel sick. The bat closely misses you.
You take 1 damage, and have 1/25 hp.
You hit the bat!
You kill the bat!
You die...

.#........# .#........#....
.#........#....
##....(...#...S
##........#....
#.........#....
#..)......#.... ###########
#.........#....###.........#
....####### #..†@....>.....#
...## #####..........# ..##
#.....<....# .##
#..........# .# #÷.........#
.### #.########## ...# #.#
##.# .....#.# #.# #....#.#


There were no monsters in sight!

Levels and vault maps discovered:
D:1:      ncdulo_watergridlock, layout_basic
D:2:      layout_basic, minitemple, marbit_many_paths, lemuel_doored_altar,
          nicolae_overflow_crystal_walls

Notes
Turn   | Place    | Note
-------+----------+-------------------------------------------
     0 | D:1      | lepoulpe303 the Merfolk Skald began the quest for the Orb.
     0 | D:1      | Reached XP level 1. HP: 16/16 MP: 3/3
    74 | D:1      | Identified a +0 club
   143 | D:1      | Identified a +0 short sword
   167 | D:1      | Reached XP level 2. HP: 7/22 MP: 5/5
   171 | D:1      | HP: 5/22 [jackal (1)]
   581 | D:1      | Identified a cursed -1 club
   880 | D:1      | Learned a level 2 spell: Song of Slaying
   883 | D:1      | Learned a level 2 spell: Shroud of Golubria
   907 | D:2      | Found a hazy altar of Hepliaklqana.
   930 | D:2      | Became a worshipper of Hepliaklqana the Forgotten
   934 | D:2      | Identified a +0 dagger
   940 | D:2      | Reached skill level 4 in Polearms
   940 | D:2      | Reached XP level 3. HP: 24/25 MP: 6/6
  1023 | D:2      | Found an iron altar of Okawaru.
  1025 | D:2      | Found a shadowy altar of Dithmenos.
  1026 | D:2      | Found a stormy altar of Qazlal.
  1026 | D:2      | Found a basalt altar of Yredelemnul.
  1030 | D:2      | Fell from the grace of Hepliaklqana
  1030 | D:2      | Became a worshipper of Warmaster Okawaru
  1120 | D:2      | Found a sparkling altar of Nemelex Xobeh.
  1207 | D:2      | HP: 5/25 [adder (2)]
  1210 | D:2      | HP: 2/25 [poisoned by an adder]
  1212 | D:2      | Succumbed to an adder's poison

Table legend:
 A = Turns spent in this place as a percentage of turns spent in the entire game.
 B = Non-inter-level travel turns spent in this place as a percentage of non-inter-level travel turns spent in the entire game.
 C = Inter-level travel turns spent in this place as a percentage of turns spent in this place.
 D = Turns resting spent in this place as a percentage of non-inter-level travel turns spent in this place.
 E = Turns spent auto-exploring this place as a percentage of non-inter-level travel turns spent in this place.
 F = Non-inter-level travel turns spent in this place divided by the number of levels of this place that you've seen.
                   A       B       C       D       E      F
               +-------+-------+-------+-------+-------+----------------------
         Total | 100.0 | 100.0 |   1.0 |  21.1 |  64.6 | 600.0
       Dungeon | 100.0 | 100.0 |   1.0 |  21.1 |  64.6 | 600.0
               +-------+-------+-------+-------+-------+----------------------

Table legend:
 A = Kills in this place as a percentage of kills in entire the game.
 B = Kills by you in this place as a percentage of kills by you in the entire game.
 C = Kills by friends in this place as a percentage of kills by friends in the entire game.
 D = Other kills in this place as a percentage of other kills in the entire game.
 E = Experience gained in this place as a percentage of experience gained in the entire game.
 F = Experience gained in this place divided by the number of levels of this place that you have seen.
                   A       B       C       D       E      F
               +-------+-------+-------+-------+-------+----------------------
         Total | 100.0 | 100.0 | 100.0 |   N/A | 100.0 |  19.0
       Dungeon | 100.0 | 100.0 | 100.0 |   N/A | 100.0 |  19.0
               +-------+-------+-------+-------+-------+----------------------

Skill      XL: |  1  2 |
---------------+-------+-----
Polearms       | 4 |  4.0
Fighting       | |  2.4
Armour         | |  0.9
Dodging        | |  2.9
Spellcasting   | |  2.2
Charms         | |  3.4

Action                   || total
-------------------------++-------
Melee: Spear             ||    70
Throw: Javelin           ||    17
 Cast: Infusion          ||     2
 Stab: Sleeping          ||     1
  Eat: Chunk             ||     1
Armor: Leather armour    ||    21
Dodge: Dodged            ||    49

Vanquished Creatures
  2 adders (D:2)
  3 giant cockroaches
  A goblin (D:1)
  4 hobgoblins (D:1)
  4 jackals (D:1)
  3 kobolds
  6 bats
  2 frilled lizards
  3 rats
28 creatures vanquished.

Vanquished Creatures (collateral kills)
  A kobold (D:2)
1 creature vanquished.

Grand Total: 29 creatures vanquished
